 Dungeon Crawl Stone Soup version 0.21.0-3-g78d12a8 (webtiles) character file.

18403 theanonym the Frost Mage (level 12, -1/103 HPs)
             Began as a Black Draconian Ice Elementalist on Jan 13, 2018.
             Was a Priest of Sif Muna.
             Slain by Snorg (5 damage)
             ... on level 3 of the Lair of Beasts.
             The game lasted 00:52:17 (18089 turns).

theanonym the Frost Mage (DrIE)                    Turns: 18089, Time: 00:52:18

Health: -1/103     AC: 18    Str: 12    XL:     12   Next: 27%
Magic:  15/32      EV: 15    Int: 20    God:    Sif Muna [***...]
Gold:   305        SH:  5    Dex: 17    Spells: 11/25 levels left

rFire    . . .     SeeInvis .   m - +2 whip (elec)
rCold    . . .     Gourm    .   x - +0 buckler
rNeg     . . .     Faith    +   (armour unavailable)
rPois    .         Spirit   .   (helmet restricted)
rElec    +         Reflect  .   q - +0 cloak
rCorr    .         Harm     .   (no gloves)
MR       .....                  B - +0 pair of boots of the Dungeon {Dex+6}
Stlth    ++........             E - amulet of faith {Faith}
HPRegen  0.27/turn              (no ring)
MPRegen  0.23/turn              u - ring of magical power {MP+9}

@: icy armour, hasted, divine energy, very quick
A: breathe lightning, unfitting armour, electricity resistance, cold-blooded, AC
+8
a: Breathe Lightning, Stop Divine Energy, Channel Magic, Renounce Religion


Innate Abilities, Weirdness & Mutations

You can breathe wild blasts of lightning.
Your glossy black scales are hard. (AC +8)
You cannot fit into any form of body armour.
You are resistant to electric shocks. (rElec)
You are cold-blooded and may be slowed by cold attacks.


   Skills:
 + Level 8.4 Fighting
 - Level 5.0 Dodging
 - Level 1.7 Stealth
 - Level 4.0 Shields
 + Level 7.4 Spellcasting
 - Level 10.0 Conjurations
 - Level 5.0 Charms
 + Level 11.4 Ice Magic


You had 11 spell levels left.
You knew the following spells:

 Your Spells              Type           Power        Failure   Level  Hunger
a - Freeze                Ice            ####         1%          1    None
b - Throw Frost           Conj/Ice       ######       1%          2    None
c - Throw Icicle          Conj/Ice       ######..     1%          4    ###....
d - Summon Ice Beast      Ice/Summ       ####....     9%          4    ###....
g - Ozocubu's Armour      Chrm/Ice       #####...     1%          3    #......

Skill      XL: |  1  2  3  4  5  6  7  8  9 10 11 12 |
---------------+-------------------------------------+-----
Ice Magic      | 4 5 6 7 8 9 11 | 11.4
Charms         | 1 2 3 5 |  5.0
Conjurations   | 2 3 6 8 9 10 | 10.0
Shields        | 1 3 4 |  4.0
Spellcasting   | 3 4 5 6 7 |  7.4
Dodging        | 2 4 5 |  5.0
Fighting       | 1 5 7 8 |  8.4
Stealth        | |  1.7

Action                   |  1- 3 |  4- 6 |  7- 9 | 10-12 || total
-------------------------+-------+-------+-------+-------++-------
Melee: Unarmed           |    14 |       |       |       ||    14
       Club              |    21 |       |       |       ||    21
       Tailslap          |     4 |     7 |    22 |    12 ||    45
       Dagger            |    32 |       |       |       ||    32
       Whip              |     4 |   129 |   193 |   147 ||   473
 Cast: Freeze            |    35 |    69 |    51 |   187 ||   342
       Ozocubu's Armour  |       |     7 |    16 |    24 ||    47
       Throw Frost       |       |     5 |    26 |   147 ||   178
       Throw Icicle      |       |       |    22 |    45 ||    67
       Summon Ice Beast  |       |       |     1 |     1 ||     2
Invok: Divine Energy     |       |       |       |     1 ||     1
 Abil: Breathe Lightning |       |       |     8 |    11 ||    19
Evoke: Wand              |       |       |     6 |     5 ||    11
  Use: Scroll            |     1 |     7 |     4 |    12 ||    24
       Potion            |       |     2 |     1 |     1 ||     4
 Stab: Sleeping          |     3 |     1 |     2 |       ||     6
       Distracted        |       |     1 |       |       ||     1
  Eat: Chunk             |     4 |     8 |     7 |    26 ||    45
       Ration            |       |     1 |     6 |     3 ||    10
Armor: Skin              |    46 |    80 |   109 |   103 ||   338
Dodge: Dodged            |    71 |   119 |   133 |   233 ||   556
Block: Buckler           |       |       |    52 |    81 ||   133

Inventory:

Hand Weapons
 m - a +2 whip of electrocution (weapon)
   (You took it off a kobold on level 2 of the Dungeon)
 H - the +2 spear of Fate {pierce, rElec MR- SInv Stlth+}
   (You took it off an orc warrior on level 10 of the Dungeon)

   It inflicts extra damage upon your enemies.
   It insulates you from electricity.
   It affects your resistance to hostile enchantments.
   It lets you see invisible.
   It makes you more stealthy.
 I - the +8 hand axe of Prudence {chop, +Fly rElec rC+ Int-2}
   (You found it on level 10 of the Dungeon)

   It inflicts extra damage upon your enemies.
   It affects your intelligence (-2).
   It protects you from cold.
   It insulates you from electricity.
   It lets you fly.
Armour
 q - a +0 cloak (worn)
   (You took it off Crazy Yiuf on level 4 of the Dungeon)
 x - a +0 buckler (worn)
   (You found it on level 5 of the Dungeon)
 z - a +0 shield
   (You found it on level 9 of the Dungeon)
 B - the +0 pair of boots of the Dungeon (worn) {Dex+6}
   (You bought it in a shop on level 9 of the Dungeon)

   It affects your dexterity (+6).
Jewellery
 l - an uncursed ring of ice {rC+ rF-}
   (You took it off an orc wizard on level 4 of the Dungeon)
 u - a ring of magical power (right hand) {MP+9}
   (You found it on level 4 of the Dungeon)
 A - an uncursed ring of wizardry {Wiz}
   (You found it on level 9 of the Dungeon)
 E - an amulet of faith (around neck) {Faith}
   (You took it off a kobold on level 10 of the Dungeon)
 N - an uncursed ring of magical power {MP+9}
   (You found it on level 10 of the Dungeon)
Wands
 c - a wand of clouds (1)
   (You found it on level 2 of the Lair of Beasts)
 d - a wand of digging (13)
   (You found it on level 9 of the Dungeon)
 g - a wand of random effects (37)
   (You took it off a centaur on level 9 of the Dungeon)
 p - a wand of flame (12)
   (You found it on level 2 of the Dungeon)
 v - a wand of acid (9)
   (You found it on level 8 of the Dungeon)
 L - a wand of iceblast (9)
   (You found it on level 1 of the Lair of Beasts)
Scrolls
 f - 2 scrolls of fog
 j - a scroll of amnesia
 n - a scroll of enchant armour
 o - a scroll of immolation
 s - a scroll of fear
 t - 7 scrolls of teleportation {!r}
 y - 2 scrolls of remove curse
 O - a scroll of silence {unknown}
Potions
 a - 2 potions of might
 b - a potion of lignification
 h - 2 potions of brilliance
 i - 3 potions of cancellation
 k - 3 potions of flight
 w - 5 potions of curing
 C - a potion of magic
 D - a potion of haste
 F - a potion of invisibility {unknown}
 K - a potion of ambrosia {unknown}
 M - a potion of heal wounds {unknown}
Books
 J - a book of Geomancy
   (You found it on level 1 of the Lair of Beasts)
Miscellaneous
 G - a fan of gales
   (You found it on level 1 of the Lair of Beasts)
Comestibles
 e - 11 rations


You were on level 3 of the Lair of Beasts.
You worshipped Sif Muna.
Sif Muna was most pleased with you.
You were not hungry.

You visited 3 branches of the dungeon, and saw 14 of its levels.
You also visited: Sewer.

You collected 690 gold pieces.
You spent 385 gold pieces at shops.

Dungeon Overview and Level Annotations

Branches:
Dungeon (10/15)            Temple (1/1) D:5            Lair (3/6) D:10
  Swamp (0/4) Lair:2
  Snake: Lair:2-4    Spider: Lair:2-4       Orc: D:9-12

Altars:
Ashenzari
Cheibriados
Dithmenos
Elyvilon
Fedhas
Gozag
Hepliaklqana
Kikubaaqudgha
Makhleb
Nemelex Xobeh
Okawaru
Qazlal
Ru
Sif Muna
Trog
Uskayaw
Vehumet
Xom
Yredelemnul
Zin
The Shining One

Shops:
D:5 %   D:9 *

Annotations:
D:1 l
D:5 Sayani's ghost, novice TrFi
Lair:3 Snorg

...#............#.≈≈≈≈.......##..
...##......##..##.≈≈≈≈≈......####
...#...######..# ≈≈≈≈≈≈≈.....##.#
...#.##..####..##..≈≈≈≈≈.........
....................≈≈≈≈≈........
..................<.≈≈≈≈≈........
...................≈≈≈≈≈≈........
...................≈≈≈≈≈.........
................@...≈≈≈≈.........
.................T...≈..≈#.....#.
................##.#..P.P#......#
#.≈≈.P......≈...##.......#...!...
#.≈P≈≈≈..P≈≈≈...##.......#.......
..≈≈P≈PP≈≈≈≈P....#......#.......
P≈≈≈≈...........##....##
≈≈≈≈≈...##......#......##
≈≈≈≈≈...#.#.######.......


You could see Snorg (berserk).

Notes
Turn   | Place    | Note
-------+----------+-------------------------------------------
     0 | D:1      | theanonym the Draconian Ice Elementalist began the quest for the Orb.
     0 | D:1      | Reached XP level 1. HP: 14/14 MP: 3/3
    88 | D:1      | HP: 2/14 [hobgoblin/club (6)]
   411 | D:1      | Reached XP level 2. HP: 20/20 MP: 5/5
   712 | D:1      | Reached skill level 4 in Ice Magic
  1021 | D:1      | Reached XP level 3. HP: 21/26 MP: 6/6
  1081 | D:1      | Learned a level 3 spell: Ozocubu's Armour
  1271 | D:2      | Found a snail-covered altar of Cheibriados.
  1476 | D:2      | Reached skill level 1 in Charms
  1789 | D:2      | HP: 6/26 [worm (12)]
  2056 | D:2      | Reached XP level 4. HP: 27/33 MP: 2/7
  2382 | D:3      | Found a glowing golden altar of the Shining One.
  2632 | D:3      | Found a blossoming altar of Fedhas.
  2670 | D:3      | Found a shadowy altar of Dithmenos.
  2725 | D:3      | Reached skill level 2 in Charms
  2725 | D:3      | Reached skill level 5 in Ice Magic
  2730 | D:3      | HP: 15/33 [orc wizard/puff of frost (3)]
  2731 | D:3      | Reached XP level 5. HP: 18/38 MP: 1/8
  3233 | D:4      | Reached skill level 3 in Charms
  3357 | D:3      | Learned a level 2 spell: Throw Frost
  3431 | D:4      | HP: 18/38 [orc/hand axe (6)]
  3678 | D:4      | Found a glowing silver altar of Zin.
  3722 | D:4      | Reached XP level 6. HP: 45/45 MP: 5/9
  3837 | D:4      | Found a radiant altar of Vehumet.
  4609 | D:4      | Found a runed door.
  4633 | D:4      | Noticed Crazy Yiuf
  4637 | D:4      | Killed Crazy Yiuf
  4637 | D:4      | Reached skill level 2 in Conjurations
  4637 | D:4      | Reached skill level 6 in Ice Magic
  4779 | D:5      | Entered Level 5 of the Dungeon
  4823 | D:5      | HP: 17/45 [shadow imp/nerve-wracking pain (8)]
  4827 | D:5      | HP: 7/45 [shadow imp/nerve-wracking pain (10)]
  5005 | D:5      | Noticed Sayani's ghost (novice TrFi)
  5019 | D:5      | Found a glowing drain.
  5030 | Sewer    | Entered a sewer
  5038 | Sewer    | Reached skill level 1 in Shields
  5041 | Sewer    | Your scales start taking on a glossy black colour.
  5041 | Sewer    | Reached XP level 7. HP: 34/50 MP: 10/11
  5041 | Sewer    | Gained mutation: You are resistant to electric shocks. (rElec) [Black Draconian growth]
  5201 | Sewer    | Reached skill level 3 in Spellcasting
  5298 | Sewer    | Found a white marble altar of Elyvilon.
  5400 | D:5      | Learned a level 4 spell: Throw Icicle
  5490 | D:5      | HP: 25/50 [scorpion (5)]
  5495 | D:5      | HP: 24/50 [poisoned by a scorpion]
  5502 | D:5      | HP: 18/50 [poisoned by a scorpion]
  5515 | D:5      | HP: 15/50 [river rat (5)]
  5522 | D:4      | Reached skill level 2 in Shields
  5885 | D:5      | Reached skill level 3 in Conjurations
  5947 | D:5      | HP: 10/50 [ogre/giant spiked club (28)]
  6266 | D:5      | Reached skill level 3 in Shields
  6470 | D:5      | Found a staircase to the Ecumenical Temple.
  6479 | Temple   | Entered the Ecumenical Temple
  6695 | D:5      | Found Isostreaff's Food Emporium.
  6774 | D:6      | Reached XP level 8. HP: 54/57 MP: 12/12
  6854 | D:6      | Reached skill level 4 in Shields
  7063 | D:6      | Reached skill level 4 in Conjurations
  7259 | D:6      | Reached skill level 7 in Ice Magic
  7379 | D:6      | Found a sparkling altar of Nemelex Xobeh.
  7473 | D:6      | Noticed Menkaure
  7484 | D:6      | Reached skill level 5 in Conjurations
  8126 | D:6      | Found a sparkling altar of Nemelex Xobeh.
  8385 | D:6      | Killed Menkaure
  8577 | D:7      | Learned a level 4 spell: Summon Ice Beast
  8585 | D:7      | Reached skill level 4 in Spellcasting
  8697 | D:7      | Noticed a hippogriff
  8710 | D:7      | Killed a hippogriff
  8710 | D:7      | Reached skill level 6 in Conjurations
  8801 | D:7      | Reached XP level 9. HP: 62/62 MP: 15/15
  8921 | D:7      | Found a sacrificial altar of Ru.
  9218 | D:7      | Reached skill level 7 in Conjurations
  9218 | D:7      | Reached skill level 8 in Ice Magic
  9623 | D:8      | Noticed Akransas's ghost (novice NaAs)
  9663 | D:8      | Killed Akransas's ghost
  9663 | D:8      | Reached skill level 5 in Spellcasting
  9663 | D:8      | Reached skill level 8 in Conjurations
  9690 | D:7      | HP: 31/63 [poisoned by Akransas's ghost]
  9963 | D:8      | Reached skill level 2 in Dodging
  9967 | D:8      | Reached skill level 1 in Fighting
  9981 | D:8      | HP: 30/64 [wight/morningstar (8)]
  9986 | D:8      | HP: 25/64 [wight/dagger (6)]
  9993 | D:8      | HP: 21/64 [wight/dagger (1)]
 10124 | D:8      | Reached XP level 10. HP: 53/72 MP: 14/18
 10383 | D:8      | Noticed a two-headed ogre
 10390 | D:8      | HP: 31/73 [two-headed ogre/giant spiked club (22)]
 10392 | D:8      | Killed a two-headed ogre
 10392 | D:8      | Reached skill level 2 in Fighting
 10392 | D:8      | Reached skill level 3 in Dodging
 10392 | D:8      | Reached skill level 9 in Ice Magic
 10627 | D:8      | Found a shattered altar of Ashenzari.
 10657 | D:8      | HP: 36/74 [orc warrior/long sword (6)]
 11088 | D:9      | Noticed a two-headed ogre
 11094 | D:9      | Killed a two-headed ogre
 11094 | D:9      | Reached skill level 3 in Fighting
 11094 | D:9      | Reached skill level 9 in Conjurations
 11149 | D:9      | Noticed a two-headed ogre
 11155 | D:9      | Killed a two-headed ogre
 11155 | D:9      | Reached skill level 4 in Fighting
 11185 | D:9      | Reached skill level 4 in Dodging
 11562 | D:9      | Found a deep blue altar of Sif Muna.
 11562 | D:9      | Found a bloodstained altar of Trog.
 11563 | D:9      | Found a hide-covered altar of Uskayaw.
 11606 | D:9      | Became a worshipper of Sif Muna the Loreminder
 11975 | D:9      | Found Zochesoe's Assorted Antiques.
 11990 | D:9      | Bought a pair of faintly glowing boots for 256 gold pieces
 11990 | D:9      | Identified the cursed +0 pair of boots of the Dungeon {Dex+6} (You bought it in a shop on level 9 of the Dungeon)
 12000 | D:9      | Bought a brown potion for 24 gold pieces
 12000 | D:9      | Bought a puce potion for 24 gold pieces
 12000 | D:9      | Bought a scroll labeled HUMEEB ZOTET for 27 gold pieces
 12001 | D:9      | Bought a scroll of identify for 54 gold pieces
 12041 | D:9      | Reached skill level 5 in Fighting
 12394 | D:10     | Entered Level 10 of the Dungeon
 12439 | D:10     | Reached XP level 11. HP: 75/86 MP: 19/19
 12594 | D:10     | Found a staircase to the Lair.
 12621 | D:10     | Noticed a red ugly thing
 12629 | D:10     | HP: 41/86 [bounced beam (11)]
 12629 | D:10     | Killed a red ugly thing
 12629 | D:10     | Reached skill level 10 in Ice Magic
 13187 | D:10     | Got a bloodstained spear {pierce}
 13191 | D:10     | Got a bloodstained hand axe
 13451 | Lair:1   | Entered Level 1 of the Lair of Beasts
 13533 | D:10     | Reached skill level 5 in Dodging
 13744 | Lair:1   | Reached skill level 10 in Conjurations
 13845 | Lair:1   | Reached * piety under Sif Muna
 14005 | Lair:1   | Identified the cursed +2 spear of Fate {pierce, rElec MR- SInv Stlth+} (You took it off an orc warrior on level 10 of the Dungeon)
 14007 | Lair:1   | Identified the +8 hand axe of Prudence {chop, +Fly rElec rC+ Int-2} (You found it on level 10 of the Dungeon)
 14100 | Lair:1   | Reached skill level 6 in Spellcasting
 14199 | Lair:1   | Reached skill level 6 in Fighting
 14837 | Lair:1   | Reached skill level 4 in Charms
 15191 | Lair:1   | theanonym: ??black draconian
 15191 | Lair:1   | beem: black draconian[1/1]: A form of draconian that is able to shoot lightning. The player race's breath sneezes lightning bolts and explosions in random directions. 2 Air Magic aptitude, and -2 Earth Magic aptitude. Resists electricity at XL 7, and gains permanent flight at XL 14.
 15417 | Lair:2   | Found a bloodstained altar of Trog.
 15474 | Lair:2   | Noticed a six-headed hydra
 15494 | Lair:2   | Killed a six-headed hydra
 15494 | Lair:2   | Reached skill level 7 in Fighting
 15497 | Lair:2   | Reached ** piety under Sif Muna
 15786 | Lair:2   | HP: 41/92 [komodo dragon (19)]
 16253 | Lair:2   | Found a staircase to the Swamp.
 16440 | Lair:2   | Reached skill level 11 in Ice Magic
 16500 | Lair:2   | Reached skill level 5 in Charms
 16659 | Lair:3   | Noticed a four-headed hydra
 16664 | Lair:3   | HP: 45/92 [four-headed hydra (10)]
 16665 | Lair:3   | Killed a four-headed hydra
 16665 | Lair:3   | Reached XP level 12. HP: 49/101 MP: 12/22
 16671 | Lair:3   | HP: 37/101 [rime drake/flash freeze (8)]
 16673 | Lair:3   | Reached skill level 7 in Spellcasting
 17192 | Lair:3   | Reached skill level 8 in Fighting
 17757 | Lair:3   | Reached *** piety under Sif Muna
 17770 | Lair:3   | HP: 40/103 [black mamba (14)]
 17775 | Lair:3   | HP: 37/103 [poisoned by a black mamba]
 17781 | Lair:3   | HP: 36/103 [poisoned by a black mamba]
 17787 | Lair:3   | HP: 36/103 [poisoned by a black mamba]
 17795 | Lair:3   | HP: 36/103 [poisoned by a black mamba]
 18066 | Lair:3   | Noticed Snorg
 18086 | Lair:3   | HP: 43/103 [Snorg (24)]
 18088 | Lair:3   | HP: 15/103 [Snorg (8)]
 18088 | Lair:3   | HP: 4/103 [Snorg (11)]
 18089 | Lair:3   | Slain by Snorg

Vanquished Creatures
  2 hydras
  The ghost of Akransas the Covert, a novice NaAs of Dithmenos (D:8)
  3 two-headed ogres
  An ugly thing (D:10)
  An elephant (Lair:3)
  6 spiny frogs
  3 rime drakes
  3 komodo dragons
  4 hippogriffs
  4 blink frogs (Lair:1)
  2 wyverns
  12 yaks
  A basilisk (Lair:2)
  3 hungry ghosts
  Menkaure (D:6)
  4 water moccasins
  5 porcupines
  3 orc warriors
  A hornet zombie (D:10)
  4 ice beasts
  A black bear (D:9)
  3 sky beasts
  3 necrophages (D:7)
  5 ogres
  3 phantoms
  3 centaurs
  2 big kobolds
  6 crocodiles
  10 bullfrogs
  A water moccasin zombie (D:8)
  5 scorpions
  3 killer bees (D:7)
  4 wights (D:8)
  2 electric eels (Lair:3)
  3 crimson imps
  Crazy Yiuf (D:4)
  3 orc priests
  2 bullfrog skeletons
  4 hounds
  5 jellies
  8 orc wizards
  A centaur skeleton (D:8)
  2 iguanas
  8 worker ants
  A hound skeleton (D:7)
  A howler monkey skeleton (D:7)
  3 river rats
  6 adders
  3 shadow imps
  An ooze (D:1)
  An adder skeleton (D:5)
  2 adder zombies
  4 worms
  3 dart slugs
  2 leopard geckos
  41 orcs
  2 ball pythons
  6 bats
  11 giant cockroaches
  10 goblins
  6 hobgoblins
  7 jackals
  13 kobolds
  5 quokkas
  5 frilled lizards
  A leopard gecko skeleton (D:4)
  14 rats
300 creatures vanquished.

Vanquished Creatures (others)
  An orc wizard (D:3)
  A bat (D:1)
  2 plants (Lair:3)
4 creatures vanquished.

Grand Total: 304 creatures vanquished

Table legend:
 A = Turns spent in this place as a percentage of turns spent in the entire game.
 B = Non-inter-level travel turns spent in this place as a percentage of non-inter-level travel turns spent in the entire game.
 C = Inter-level travel turns spent in this place as a percentage of turns spent in this place.
 D = Turns resting spent in this place as a percentage of non-inter-level travel turns spent in this place.
 E = Turns spent auto-exploring this place as a percentage of non-inter-level travel turns spent in this place.
 F = Non-inter-level travel turns spent in this place divided by the number of levels of this place that you've seen.
                   A       B       C       D       E      F
               +-------+-------+-------+-------+-------+----------------------
         Total | 100.0 | 100.0 |   3.1 |  42.3 |  41.7 | 1168.8
       Dungeon |  72.5 |  72.2 |   3.4 |  39.5 |  44.2 | 1266.4
        Temple |   1.1 |   1.1 |   2.6 |   0.0 |  99.5 | 187.0
          Lair |  24.7 |  24.9 |   2.3 |  51.3 |  32.7 | 1455.7
         Sewer |   1.7 |   1.8 |   0.0 |  52.2 |  32.2 | 314.0
               +-------+-------+-------+-------+-------+----------------------
